[ AOE2 MATCH · #463518924 ]
UnrankedPersians vs Dravidians
[ REPLAY ANALYSIS · EXTRACTED FROM THE RECORDED GAME ]
Feudal
11:05
Castle
15:48
Imperial
—
| APM avg | 16.7 |
| APM peak | 39 |
| eAPM avg | 8.1 |
| Villagers / military | 29 / 2 |
Focus
⚔️ 4.8% · 🌾 95.2%
Knight ×2
Feudal
12:00
Castle
16:00
Imperial
—
| APM avg | 17.1 |
| APM peak | 35 |
| eAPM avg | 9.4 |
| Villagers / military | 27 / 0 |
Focus
⚔️ 9.9% · 🌾 90.1%
Feudal
10:59
Castle
—
Imperial
—
| APM avg | 50.1 |
| APM peak | 92 |
| eAPM avg | 17.0 |
| Villagers / military | 45 / 14 |
Focus
⚔️ 24.4% · 🌾 75.6%
Militia ×14
Feudal
10:32
Castle
14:52
Imperial
—
| APM avg | 32.4 |
| APM peak | 73 |
| eAPM avg | 11.4 |
| Villagers / military | 34 / 11 |
Focus
⚔️ 15.3% · 🌾 84.7%
Longbowman ×9 · Petard ×2
Feudal
10:39
Castle
14:09
Imperial
—
| APM avg | 38.9 |
| APM peak | 90 |
| eAPM avg | 14.1 |
| Villagers / military | 32 / 2 |
Focus
⚔️ 16.2% · 🌾 83.8%
Monk ×2
Feudal
8:37
Castle
—
Imperial
—
| APM avg | 34.9 |
| APM peak | 58 |
| eAPM avg | 16.2 |
| Villagers / military | 33 / 7 |
Focus
⚔️ 10.6% · 🌾 89.4%
Battering Ram ×7
Match map
Initial resources + every placement click. Lines = walls · curves = elevation contours. ◆ gold · ⬟ stone · ● berries · ✦ relic · ◌ wall gap
Your base· ✓ Closed at 15:48 · 0t walls · 3 gate(s)
PJtheDcoy's base· ✓ Closed at 16:00 · 13t walls · 2 gate(s)
AML4554's base· ✓ Closed at 12:00 · 1t walls · 3 gate(s)
_Angel_Tj's base· ✓ Closed at 14:52 · 0t walls · 2 gate(s)
Quando's base· ✓ Closed at 14:09 · 0t walls · 2 gate(s)
TuCoreano's base· ✓ Closed at 12:00 · 0t walls · 2 gate(s)
Smoothed initial terrain · ◌ = detected wall gap · hover for details
Inputs per minute
— Fr4ggi - - PJtheDcoy
Build order — Fr4ggi
63 actions detected in the replay
| 0:04 | Build | House |
| 0:06 | Build | House |
| 0:08 | Queue | Villager (Male) |
| 0:08 | Queue | Villager (Male) |
| 0:31 | Queue | Villager (Male) |
| 0:31 | Queue | Villager (Male) |
| 1:06 | Queue | Villager (Male) |
| 1:37 | Queue | Villager (Male) |
| 1:49 | Build | Lumber Camp |
| 2:13 | Queue | Villager (Male) |
| 2:22 | Queue | Villager (Male) |
| 2:56 | Queue | Villager (Male) |
| 3:23 | Queue | Villager (Male) |
| 3:36 | Build | House |
| 4:28 | Build | Mill |
| 4:33 | Queue | Villager (Male) |
| 5:03 | Queue | Villager (Male) |
| 5:07 | Queue | Villager (Male) |
| 5:33 | Queue | Villager (Male) |
| 5:38 | Build | House |
| 5:56 | Queue | Villager (Male) |
| 6:19 | Queue | Villager (Male) |
| 6:33 | Build | Farm |
| 6:44 | Queue | Villager (Male) |
| 7:06 | Queue | Villager (Male) |
| 7:16 | Build | Farm |
| 7:35 | Queue | Villager (Male) |
| 7:54 | Queue | Villager (Male) |
| 8:20 | Build | Mining Camp |
| 8:24 | Queue | Villager (Male) |
| 8:35 | Research | Feudal Age |
| 8:46 | Build | Farm |
| 9:09 | Build | Barracks |
| 9:11 | Build | House |
| 10:20 | Queue | Villager (Male) |
| 11:05 | Age | Feudal Age |
| 11:10 | Build | Farm |
| 11:13 | Build | Farm |
| 11:32 | Build | Stable |
| 11:33 | Queue | Villager (Male) |
| 11:45 | Build | Farm |
| 12:06 | Build | Blacksmith |
| 12:15 | Queue | Villager (Male) |
| 12:38 | Build | Farm |
| 12:40 | Queue | Villager (Male) |
| 13:06 | Build | Farm |
| 13:22 | Research | Castle Age |
| 13:52 | Build | House |
| 14:01 | Queue | Villager (Male) |
| 14:06 | Research | Double-Bit Axe |
| 14:12 | Research | Horse Collar |
| 14:49 | Research | Bloodlines |
| 15:48 | Age | Castle Age |
| 15:58 | Build | Town Center |
| 16:00 | Queue | Villager (Male) |
| 16:00 | Queue | Villager (Male) |
| 16:28 | Queue | Villager (Male) |
| 16:36 | Queue | Knight |
| 17:03 | Queue | Knight |
| 17:07 | Research | Bow Saw |
| 17:16 | Build | Farm |
| 17:16 | Build | Farm |
| 17:17 | Build | Farm |
Build order — PJtheDcoy
62 actions detected in the replay
| 0:00 | Queue | Villager (Male) |
| 0:00 | Queue | Villager (Male) |
| 0:01 | Queue | Villager (Male) |
| 0:01 | Queue | Villager (Male) |
| 0:02 | Build | House |
| 0:05 | Build | House |
| 1:30 | Queue | Villager (Male) |
| 1:57 | Build | Lumber Camp |
| 2:01 | Queue | Villager (Male) |
| 2:22 | Queue | Villager (Male) |
| 2:48 | Queue | Villager (Male) |
| 3:06 | Queue | Villager (Male) |
| 3:22 | Build | House |
| 3:37 | Queue | Villager (Male) |
| 3:51 | Queue | Villager (Male) |
| 4:17 | Queue | Villager (Male) |
| 4:43 | Queue | Villager (Male) |
| 4:43 | Queue | Villager (Male) |
| 5:24 | Queue | Villager (Male) |
| 5:24 | Queue | Villager (Male) |
| 5:25 | Queue | Villager (Male) |
| 5:29 | Build | Mill |
| 5:43 | Build | House |
| 6:01 | Build | House |
| 6:53 | Build | Mining Camp |
| 7:20 | Queue | Villager (Male) |
| 7:20 | Queue | Villager (Male) |
| 7:50 | Queue | Villager (Male) |
| 7:51 | Queue | Villager (Male) |
| 7:51 | Queue | Villager (Male) |
| 8:02 | Research | Loom |
| 8:37 | Build | Mining Camp |
| 9:15 | Research | Feudal Age |
| 11:13 | Queue | Villager (Male) |
| 11:13 | Queue | Villager (Male) |
| 11:25 | Build | Farm |
| 11:26 | Build | Farm |
| 11:27 | Build | Farm |
| 11:29 | Build | Farm |
| 12:00 | Age | Feudal Age |
| 12:17 | Build | Market |
| 12:35 | Build | Blacksmith |
| 12:41 | Queue | Villager (Male) |
| 13:20 | Research | Castle Age |
| 13:30 | Build | House |
| 13:31 | Build | House |
| 13:32 | Build | Barracks |
| 14:02 | Research | Horse Collar |
| 14:25 | Research | Double-Bit Axe |
| 14:44 | Build | Farm |
| 14:44 | Build | Farm |
| 14:45 | Build | Farm |
| 14:45 | Build | Farm |
| 14:45 | Build | Farm |
| 14:46 | Build | Farm |
| 14:57 | Build | Stone Wall |
| 14:59 | Build | Stone Wall |
| 15:03 | Build | Stone Wall |
| 15:09 | Build | Stone Wall |
| 16:00 | Age | Castle Age |
| 16:06 | Queue | Villager (Male) |
| 16:06 | Queue | Villager (Male) |
Build order — AML4554
120 actions detected in the replay
| 0:01 | Queue | Villager (Male) |
| 0:02 | Queue | Villager (Male) |
| 0:02 | Queue | Villager (Male) |
| 0:02 | Queue | Villager (Male) |
| 0:02 | Queue | Villager (Male) |
| 0:05 | Build | House |
| 0:06 | Build | House |
| 1:32 | Queue | Villager (Male) |
| 1:32 | Queue | Villager (Male) |
| 1:51 | Build | Lumber Camp |
| 2:01 | Queue | Villager (Male) |
| 2:02 | Queue | Villager (Male) |
| 2:17 | Queue | Villager (Male) |
| 2:17 | Queue | Villager (Male) |
| 2:32 | Queue | Villager (Male) |
| 2:32 | Queue | Villager (Male) |
| 2:32 | Queue | Villager (Male) |
| 2:40 | Build | House |
| 2:41 | Build | House |
| 3:21 | Queue | Villager (Male) |
| 3:44 | Queue | Villager (Male) |
| 3:44 | Queue | Villager (Male) |
| 4:03 | Queue | Villager (Male) |
| 4:23 | Build | Mill |
| 4:31 | Queue | Villager (Male) |
| 4:31 | Queue | Villager (Male) |
| 5:04 | Queue | Villager (Male) |
| 5:04 | Queue | Villager (Male) |
| 5:05 | Queue | Villager (Male) |
| 5:05 | Queue | Villager (Male) |
| 5:51 | Queue | Villager (Male) |
| 6:31 | Queue | Villager (Male) |
| 6:32 | Queue | Villager (Male) |
| 6:59 | Queue | Villager (Male) |
| 7:19 | Queue | Villager (Male) |
| 7:19 | Queue | Villager (Male) |
| 7:53 | Build | House |
| 7:57 | Build | House |
| 8:04 | Build | House |
| 8:07 | Build | Palisade Wall |
| 8:18 | Build | House |
| 8:24 | Build | House |
| 8:34 | Build | House |
| 8:45 | Research | Feudal Age |
| 9:34 | Build | Barracks |
| 9:39 | Queue | Villager (Male) |
| 9:39 | Queue | Villager (Male) |
| 9:46 | Build | House |
| 10:27 | Build | Farm |
| 10:29 | Build | Farm |
| 10:31 | Build | Farm |
| 10:44 | Build | Mining Camp |
| 10:59 | Age | Feudal Age |
| 11:02 | Queue | Militia |
| 11:03 | Queue | Militia |
| 11:04 | Queue | Militia |
| 11:06 | Queue | Militia |
| 11:13 | Research | Double-Bit Axe |
| 11:15 | Research | Horse Collar |
| 11:29 | Build | Blacksmith |
| 11:40 | Queue | Villager (Male) |
| 11:45 | Build | House |
| 12:05 | Queue | Militia |
| 12:11 | Research | Man-at-Arms (upgrade) |
| 12:12 | Queue | Militia |
| 12:12 | Queue | Militia |
| 12:17 | Queue | Villager (Male) |
| 12:17 | Queue | Villager (Male) |
| 12:26 | Research | Scale Mail Armor |
| 12:27 | Research | Forging |
| 12:31 | Build | Farm |
| 12:38 | Build | Farm |
| 12:40 | Build | Farm |
| 12:58 | Queue | Villager (Male) |
| 13:04 | Build | House |
| 13:06 | Build | House |
| 13:22 | Queue | Militia |
| 13:23 | Research | Arson |
| 13:40 | Build | House |
| 13:51 | Queue | Villager (Male) |
| 13:54 | Build | Farm |
| 13:55 | Build | Farm |
| 13:55 | Build | Farm |
| 13:55 | Build | Farm |
| 13:55 | Build | Farm |
| 13:56 | Build | Farm |
| 13:56 | Build | Farm |
| 13:56 | Build | Farm |
| 13:56 | Build | Farm |
| 14:07 | Queue | Militia |
| 14:08 | Queue | Militia |
| 14:20 | Build | Farm |
| 14:20 | Build | Farm |
| 14:21 | Build | Farm |
| 14:21 | Build | Farm |
| 14:21 | Build | Farm |
| 14:22 | Build | Farm |
| 14:22 | Build | Farm |
| 14:23 | Build | Farm |
| 14:27 | Queue | Villager (Male) |
| 14:46 | Queue | Militia |
| 15:01 | Build | Farm |
| 15:01 | Build | Farm |
| 15:01 | Build | Farm |
| 15:02 | Build | Farm |
| 15:02 | Build | Farm |
| 15:02 | Build | Farm |
| 15:02 | Build | Farm |
| 15:08 | Build | House |
| 15:09 | Build | House |
| 16:21 | Queue | Militia |
| 16:21 | Queue | Militia |
| 16:21 | Queue | Militia |
| 16:40 | Queue | Villager (Male) |
| 16:40 | Queue | Villager (Male) |
| 16:40 | Queue | Villager (Male) |
| 16:41 | Queue | Villager (Male) |
| 16:41 | Queue | Villager (Male) |
| 16:41 | Queue | Villager (Male) |
| 17:12 | Queue | Villager (Male) |
Build order — _Angel_Tj
75 actions detected in the replay
| 0:01 | Queue | Villager (Male) |
| 0:02 | Queue | Villager (Male) |
| 0:02 | Queue | Villager (Male) |
| 0:05 | Build | House |
| 0:05 | Build | House |
| 0:09 | Build | House |
| 0:47 | Queue | Villager (Male) |
| 1:28 | Queue | Villager (Male) |
| 1:28 | Queue | Villager (Male) |
| 1:51 | Build | Lumber Camp |
| 1:53 | Queue | Villager (Male) |
| 1:53 | Queue | Villager (Male) |
| 1:53 | Queue | Villager (Male) |
| 2:17 | Queue | Villager (Male) |
| 2:39 | Queue | Villager (Male) |
| 3:03 | Queue | Villager (Male) |
| 3:03 | Queue | Villager (Male) |
| 3:38 | Queue | Villager (Male) |
| 3:55 | Build | Mill |
| 3:56 | Queue | Villager (Male) |
| 4:15 | Queue | Villager (Male) |
| 4:41 | Queue | Villager (Male) |
| 5:13 | Queue | Villager (Male) |
| 5:30 | Queue | Villager (Male) |
| 5:54 | Build | House |
| 5:57 | Queue | Villager (Male) |
| 6:19 | Queue | Villager (Male) |
| 6:32 | Build | Mining Camp |
| 6:43 | Queue | Villager (Male) |
| 7:12 | Queue | Villager (Male) |
| 7:43 | Build | Mining Camp |
| 7:56 | Queue | Villager (Male) |
| 8:20 | Research | Feudal Age |
| 9:09 | Build | House |
| 10:32 | Age | Feudal Age |
| 10:38 | Queue | Villager (Male) |
| 11:00 | Build | Market |
| 11:10 | Build | Blacksmith |
| 11:14 | Queue | Villager (Male) |
| 11:34 | Queue | Villager (Male) |
| 11:51 | Build | House |
| 12:12 | Research | Castle Age |
| 12:13 | Research | Castle Age |
| 12:54 | Build | Farm |
| 12:55 | Build | Farm |
| 13:30 | Build | Farm |
| 13:55 | Build | Farm |
| 14:01 | Build | Farm |
| 14:04 | Research | Double-Bit Axe |
| 14:52 | Age | Castle Age |
| 15:00 | Build | Castle |
| 15:10 | Build | Castle |
| 15:26 | Queue | Villager (Male) |
| 15:52 | Queue | Villager (Male) |
| 15:57 | Build | Farm |
| 16:13 | Queue | Villager (Male) |
| 16:23 | Build | Farm |
| 16:35 | Queue | Villager (Male) |
| 16:44 | Queue | Petard |
| 16:44 | Queue | Petard |
| 16:49 | Build | Farm |
| 16:50 | Build | Farm |
| 16:56 | Queue | Longbowman |
| 16:56 | Queue | Longbowman |
| 16:57 | Queue | Longbowman |
| 16:57 | Queue | Longbowman |
| 16:57 | Queue | Longbowman |
| 16:57 | Queue | Longbowman |
| 16:58 | Queue | Longbowman |
| 16:58 | Queue | Longbowman |
| 16:58 | Queue | Longbowman |
| 17:14 | Build | Farm |
| 17:15 | Queue | Villager (Male) |
| 17:15 | Queue | Villager (Male) |
| 17:15 | Queue | Villager (Male) |
Build order — Quando
72 actions detected in the replay
| 0:00 | Queue | Villager (Male) |
| 0:00 | Queue | Villager (Male) |
| 0:01 | Queue | Villager (Male) |
| 0:01 | Queue | Villager (Male) |
| 0:02 | Build | House |
| 0:03 | Build | House |
| 1:36 | Queue | Villager (Male) |
| 1:49 | Build | Lumber Camp |
| 2:09 | Queue | Villager (Male) |
| 2:39 | Queue | Villager (Male) |
| 2:39 | Queue | Villager (Male) |
| 3:25 | Queue | Villager (Male) |
| 3:25 | Queue | Villager (Male) |
| 3:53 | Queue | Villager (Male) |
| 4:05 | Build | House |
| 4:07 | Build | House |
| 4:08 | Build | House |
| 4:33 | Queue | Villager (Male) |
| 4:34 | Queue | Villager (Male) |
| 5:15 | Queue | Villager (Male) |
| 5:36 | Queue | Villager (Male) |
| 5:36 | Queue | Villager (Male) |
| 5:50 | Build | Mill |
| 6:05 | Queue | Villager (Male) |
| 6:38 | Queue | Villager (Male) |
| 6:38 | Queue | Villager (Male) |
| 7:13 | Queue | Villager (Male) |
| 7:25 | Build | Farm |
| 7:27 | Build | Farm |
| 8:11 | Build | Mining Camp |
| 8:14 | Research | Feudal Age |
| 8:56 | Queue | Villager (Male) |
| 8:56 | Queue | Villager (Male) |
| 10:39 | Age | Feudal Age |
| 10:42 | Build | Market |
| 10:44 | Build | Blacksmith |
| 11:27 | Research | Castle Age |
| 11:33 | Research | Double-Bit Axe |
| 11:39 | Build | House |
| 11:40 | Build | House |
| 12:03 | Research | Horse Collar |
| 12:40 | Queue | Villager (Male) |
| 12:41 | Queue | Villager (Male) |
| 13:04 | Build | Farm |
| 14:09 | Age | Castle Age |
| 14:10 | Build | Town Center |
| 14:15 | Build | Town Center |
| 14:28 | Build | Monastery |
| 14:39 | Research | Bow Saw |
| 14:41 | Queue | Villager (Male) |
| 15:03 | Queue | Villager (Male) |
| 15:10 | Build | Farm |
| 15:11 | Queue | Monk |
| 15:31 | Queue | Villager (Male) |
| 15:44 | Queue | Villager (Male) |
| 15:46 | Queue | Villager (Male) |
| 15:46 | Queue | Villager (Male) |
| 16:17 | Queue | Villager (Male) |
| 16:19 | Build | Farm |
| 16:20 | Build | Farm |
| 16:23 | Build | Farm |
| 16:24 | Build | Farm |
| 16:25 | Build | Farm |
| 16:27 | Build | Farm |
| 16:28 | Build | Farm |
| 16:31 | Build | Farm |
| 16:33 | Research | Loom |
| 16:53 | Build | Farm |
| 16:55 | Build | Farm |
| 16:56 | Queue | Villager (Male) |
| 16:59 | Build | Farm |
| 17:02 | Queue | Monk |
Build order — TuCoreano
73 actions detected in the replay
| 0:02 | Queue | Villager (Male) |
| 0:02 | Queue | Villager (Male) |
| 0:03 | Queue | Villager (Male) |
| 0:03 | Queue | Villager (Male) |
| 0:03 | Queue | Villager (Male) |
| 0:05 | Build | House |
| 0:07 | Build | House |
| 1:39 | Queue | Villager (Male) |
| 2:05 | Queue | Villager (Male) |
| 2:19 | Build | Lumber Camp |
| 2:38 | Queue | Villager (Male) |
| 2:48 | Queue | Villager (Male) |
| 3:06 | Build | House |
| 3:34 | Queue | Villager (Male) |
| 3:45 | Queue | Villager (Male) |
| 3:53 | Queue | Villager (Male) |
| 4:09 | Queue | Villager (Male) |
| 4:52 | Queue | Villager (Male) |
| 4:57 | Build | Mining Camp |
| 5:14 | Queue | Villager (Male) |
| 6:27 | Research | Feudal Age |
| 7:30 | Build | House |
| 8:03 | Queue | Villager (Male) |
| 8:37 | Age | Feudal Age |
| 8:43 | Build | Blacksmith |
| 8:45 | Queue | Villager (Male) |
| 9:25 | Build | Siege Workshop |
| 9:27 | Build | House |
| 9:32 | Queue | Villager (Male) |
| 10:00 | Queue | Villager (Male) |
| 10:18 | Queue | Battering Ram |
| 10:18 | Queue | Battering Ram |
| 10:28 | Queue | Villager (Male) |
| 11:00 | Queue | Villager (Male) |
| 11:13 | Queue | Battering Ram |
| 11:20 | Build | House |
| 11:23 | Queue | Villager (Male) |
| 12:00 | Queue | Villager (Male) |
| 12:03 | Queue | Battering Ram |
| 12:33 | Build | Mill |
| 12:35 | Queue | Villager (Male) |
| 13:00 | Queue | Battering Ram |
| 13:10 | Queue | Villager (Male) |
| 13:17 | Build | House |
| 13:33 | Queue | Villager (Male) |
| 13:50 | Queue | Battering Ram |
| 14:22 | Queue | Villager (Male) |
| 14:24 | Queue | Battering Ram |
| 14:53 | Queue | Villager (Male) |
| 15:21 | Queue | Villager (Male) |
| 15:54 | Queue | Villager (Male) |
| 16:25 | Queue | Villager (Male) |
| 16:33 | Build | Farm |
| 16:34 | Build | Farm |
| 16:35 | Build | Farm |
| 16:37 | Build | Farm |
| 16:41 | Build | Farm |
| 16:42 | Build | Farm |
| 16:43 | Build | Farm |
| 16:44 | Build | Farm |
| 16:45 | Build | Farm |
| 16:46 | Build | Farm |
| 16:49 | Build | Farm |
| 16:50 | Build | Farm |
| 16:52 | Build | Farm |
| 16:53 | Queue | Villager (Male) |
| 16:55 | Build | Farm |
| 16:56 | Build | Farm |
| 17:17 | Build | Farm |
| 17:18 | Build | Farm |
| 17:21 | Build | House |
| 17:24 | Queue | Villager (Male) |
| 17:28 | Build | Farm |
Match timeline
| 8:07 | AML4554 · wall_segment Palisade Wall x1 |
| 8:37 | TuCoreano · age_up feudal |
| 9:09 | Fr4ggi · first_building Barracks |
| 9:25 | TuCoreano · first_building Siege Workshop |
| 9:34 | AML4554 · first_building Barracks |
| 10:32 | _Angel_Tj · age_up feudal |
| 10:39 | Quando · age_up feudal |
| 10:59 | AML4554 · age_up feudal |
| 11:05 | Fr4ggi · age_up feudal |
| 11:32 | Fr4ggi · first_building Stable |
| 12:00 | PJtheDcoy · age_up feudal |
| 13:32 | PJtheDcoy · first_building Barracks |
| 14:09 | Quando · age_up castle |
| 14:28 | Quando · first_building Monastery |
| 14:52 | _Angel_Tj · age_up castle |
| 14:57 | PJtheDcoy · wall_segment Stone Wall x2 |
| 14:59 | PJtheDcoy · wall_segment Stone Wall x5 |
| 15:00 | _Angel_Tj · first_building Castle |
| 15:03 | PJtheDcoy · wall_segment Stone Wall x5 |
| 15:09 | PJtheDcoy · wall_segment Stone Wall x1 |
| 15:48 | Fr4ggi · age_up castle |
| 16:00 | PJtheDcoy · age_up castle |
| 16:18 | _Angel_Tj · first_market_buy 100 food |
| 17:23 | Fr4ggi · resign |
[ AI ANALYSIS · 1 CREDIT ]
What really happened in this match?
Wolo.gg analyzes every decision: build order, eco, micro, common mistakes by bracket. Personalized analysis on WhatsApp or Discord in 30 seconds.
Civ guide
Persians
Perfil
Jugador #6051949